AoeStats
← efgpl

African Clearing

505659118Analyzed
2v2 RM · 21d ago on Sep 10, 2026· 39m 28s· 4 players
Game mode
Random Map
Map size
Medium (4 player)
Population
200
Speed
Normal
Resources
Standard
Victory
Conquest
Starting age
Dark Age
Ending age
Imperial Age
RankedLock teamsTeams togetherTeam positionsShared explorationLock speedFull tech treeHidden civsTurbo modeCheats
Victory
Defeat
🇭🇰 Mongols · Hong Kong SAR China
1049
+16
🇹🇷 Franks · Türkiye
981
+19
🇵🇱 Cumans · Poland
1201
-24
🇵🇱 Bengalis · Poland
898
-11
ME_KA-19
4:59 Loom
13:20 Feudal Age
13:51 Double-Bit Axe
16:30 Wheelbarrow
21:56 Castle Age
21:54 Forging
21:50 Scale Barding Armor
23:23 Husbandry
24:45 Bow Saw
26:57 Hand Cart
35:00 Gold Mining
35:00 Stone Mining
35:52 Iron Casting
35:37 Chain Barding Armor
35:12 Fletching
40:16 Imperial Age
38:05 Bodkin Arrow
39:34 #83
vincentballack
4:05 Loom
13:46 Feudal Age
14:24 Gold Mining
15:01 Double-Bit Axe
21:35 Castle Age
20:21 Stone Mining
20:46 Fletching
23:07 Bow Saw
23:17 Husbandry
23:37 Bodkin Arrow
29:17 Horse Collar
35:46 Bloodlines
35:20 Light Cavalry
36:11 Scale Barding Armor
36:12 Heavy Plow
WELL-pack
5:50 Loom
11:29 Feudal Age
13:33 Wheelbarrow
12:53 Double-Bit Axe
24:35 Castle Age
23:07 Scale Mail Armor
23:40 Bloodlines
24:56 Fletching
25:35 Bow Saw
25:07 Horse Collar
24:50 Pikeman
26:54 Hand Cart
29:01 Bodkin Arrow
30:32 Ballistics
36:47 Town Watch
37:06 Padded Archer Armor
40:11 Imperial Age
efgpl
11:33 Loom
13:20 Feudal Age
16:42 Horse Collar
16:55 Double-Bit Axe
23:22 Castle Age
23:08 Scale Barding Armor
23:14 Forging
25:39 Heavy Plow
27:54 Iron Casting
27:43 Pikeman
29:16 Bow Saw
36:54 Gold Mining
36:57 Stone Mining
39:31 Gold Shaft Mining
Connection lost

Rejoining the realm…

Still unreachable

The connection could not be restored.

Session expired

The server has moved on; the page needs a fresh start.